 Dungeon Crawl Stone Soup version 0.30.0-15-g856e2d3f33 (webtiles) character file.

Game seed: 9746226749730925513

119 trckry the Caller (level 5, -2/35 HPs)
             Began as a Merfolk Hedge Wizard on May 19, 2023.
             Slain by Grinder (7 damage)
             ... on level 3 of the Dungeon.
             The game lasted 00:08:14 (2634 turns).

trckry the Caller (Merfolk Hedge Wizard)            Turns: 2634, Time: 00:08:14

Health: -2/35      AC:  2    Str: 17    XL:     5   Next: 3%
Magic:  9/11       EV: 12    Int: 15    God:
Gold:   173        SH:  0    Dex: 13    Spells: 6/11 levels left

rFire   . . .        a - +0 dagger
rCold   . . .        (no shield)
rNeg    . . .        b - +0 robe
rPois   .            c - +0 hat
rElec   .            (no cloak)
rCorr   .            (no gloves)
SInv    .            (no boots)
Will    .....        (no amulet)
Stlth   ++           f - +6 ring of strength
HPRegen 0.25/turn    (no ring)
MPRegen 0.12/turn

%: no passive effects
@: no status effects
A: (nimble swimmer 2), mertail, antennae 1, high MP 1, evolution 1, MP-powered
wands
a: no special abilities


You were on level 3 of the Dungeon.
You visited 1 branch of the dungeon, and saw 3 of its levels.

You collected 173 gold pieces.

Inventory:

Hand Weapons
 a - a +0 dagger (weapon)
Armour
 b - a +0 robe (worn)
 c - a +0 hat (worn)
Jewellery
 f - a +6 ring of strength (left hand)
 h - a +4 ring of protection
Scrolls
 e - a scroll of fog {unknown}
 g - 2 scrolls of teleportation {unknown}
 j - a scroll of immolation {unknown}
 k - a scroll of enchant weapon {unknown}
 n - a scroll of butterflies {unknown}
 p - a scroll of magic mapping {unknown}
 q - a scroll of blinking {unknown}
 r - a scroll of identify {unknown}
Potions
 d - 3 potions of magic
 l - a potion of mutation


   Skills:
 - Level 2.6 Dodging
 - Level 2.1 Stealth
 + Level 3.8 Spellcasting
 - Level 0.7 Conjurations
 * Level 3.8 Summonings
 - Level 0.7 Translocations


You had 6 spell levels left.
You knew the following spells:

 Your Spells              Type           Power      Damage    Failure   Level
a - Magic Dart            Conj           20%        1d4       14%         1
b - Call Imp              Summ           28%        N/A       6%          2
c - Blink                 Tloc           10%        N/A       21%         2

Your spell library contained the following spells:

 Spells                   Type           Power      Damage    Failure   Level
 Slow                     Hex            8%         N/A       19%         1
 Cigotuvi's Dreadful Rot  Necr/Pois/Air  4%         N/A       28%         2
 Mephitic Cloud           Conj/Pois/Air  3%         N/A       45%         3
 Conjure Ball Lightning   Conj/Air       1%         3x3d6     100%        6
 Discord                  Hex            1%         N/A       100%        8
 Disjunction              Tloc           2%         N/A       100%        8


Dungeon Overview and Level Annotations

Branches:
Dungeon (3/15) Zot: 15354

Altars:

Shops:
D:2 [

Annotations:
D:3 Grinder


Innate Abilities, Weirdness & Mutations

((You are very nimble when in or above water. (Stealth+, EV+, Speed+++)))
Your lower body shifts to a powerful aquatic tail in water.
You have a pair of small antennae on your head.
You have an increased reservoir of magic. (+10% MP)
You have hidden genetic potential.
You expend magic power (3 MP) to strengthen your wands.


Message History

Grinder gestures at you.
Your cerulean imp resists with some effort.
Your cerulean imp hits Grinder but does no damage.
Grinder says, "Wait up."
Grinder gestures at you.
Your cerulean imp suddenly stops moving!
Grinder blinks!
Casting: Call Imp (safe; 6% risk of failure)
Confirm with . or Enter, or press ? or * to list all spells.
A tiny devil pulls itself out of the air.
Your cerulean imp disappears in a puff of smoke!
Grinder gestures at you. Pain shoots through your body!
You take 9 damage, and have 19/35 hp.
MASSIVE DAMAGE!!
You now have 8/11 mp.
Grinder says, "I used to sell toenails on the black market."
Grinder gestures at you.
You barely resist.
Your cerulean imp hits Grinder but does no damage.
Your cerulean imp hits Grinder with a -3 spear.
You hit Grinder but do no damage.
Grinder is lightly wounded.
Your cerulean imp hits Grinder but does no damage.
Grinder hits you!
You writhe in agony.
You take 8 damage, and have 11/35 hp.
MASSIVE DAMAGE!!
Your cerulean imp hits Grinder but does no damage.
You barely miss Grinder.
Grinder is lightly wounded.
Your cerulean imp closely misses Grinder.
Grinder misses you.
You barely miss Grinder.
Grinder is lightly wounded.
Your cerulean imp hits Grinder from afar with a -3 spear.
Grinder hits you!
* * * LOW HITPOINT WARNING * * *
You take 7 damage, and have 4/35 hp.
Your cerulean imp closely misses Grinder.
Grinder attacks as you move away! Grinder hits you but does no damage.
Your cerulean imp hits Grinder from afar with a -3 spear.
Grinder attacks as you move away! Grinder hits you!
You die...

...## #.#######.#.#
....# ####'#######.#.#
....####.........##.#.#
....'............'..#.#
....##...........####.#
....##)...............#
....##............#####
######............#
#.....#####@.#
.###...#...5..#######
.........5####...8.8.#
.........####÷...÷..8#
........[...#÷.....÷.#
....##'#)...#.÷÷÷.÷.8#
............#........#
..#...>.....#_......8#
#.#.........##########


You could see Grinder (ally target) and a friendly cerulean imp (summoned).

Vanquished Creatures
  3 worms (D:2)
  A dart slug (D:1)
  3 endoplasms
  3 giant cockroaches (D:2)
  7 hobgoblins
  2 jackals (D:2)
  5 ball pythons
  2 bats (D:1)
  4 frilled lizards
  A kobold (D:3)
  2 rats
33 creatures vanquished.

Vanquished Creatures (collateral kills)
  A scorpion (D:3)
  3 endoplasms
  A giant cockroach (D:2)
  2 goblins
  2 hobgoblins
  A jackal (D:2)
  2 kobolds
12 creatures vanquished.

Grand Total: 45 creatures vanquished

Notes
Turn   | Place    | Note
-------+----------+-------------------------------------------
     0 | D:1      | trckry the Merfolk Hedge Wizard began the quest for the
                  | Orb.
     0 | D:1      | Reached XP level 1. HP: 13/13 MP: 4/4
   346 | D:1      | Reached XP level 2. HP: 19/19 MP: 6/6
   349 | D:1      | Learned a level 2 spell: Call Imp
   941 | D:1      | Reached XP level 3. HP: 21/24 MP: 5/7
  1013 | D:2      | Learned a level 2 spell: Blink
  1534 | D:2      | Found Xais Wyd's Armour Boutique.
  2268 | D:3      | Reached XP level 4. HP: 29/30 MP: 7/9
  2268 | D:3      | Noticed a scorpion
  2275 | D:3      | Gained mutation: You expend magic power (3 MP) to
                  | strengthen your wands. [potion of mutation]
  2275 | D:3      | Gained mutation: You have a pair of small antennae on your
                  | head. [potion of mutation]
  2275 | D:3      | Gained mutation: You have hidden genetic potential. [potion
                  | of mutation]
  2332 | D:3      | Killed a scorpion
  2333 | D:3      | Reached XP level 5. HP: 11/35 MP: 1/10
  2336 | D:3      | HP: 4/35 [poisoned by a scorpion]
  2342 | D:3      | Gained mutation: You have an increased reservoir of magic.
                  | (+10% MP) [hidden potential]
  2587 | D:3      | Found a faded altar of an unknown god.
  2599 | D:3      | Noticed Grinder
  2630 | D:3      | HP: 4/35 [Grinder (7)]
  2634 | D:3      | Slain by Grinder

Illustrated notes

Levels and vault maps discovered:
D:1:      minmay_arrival_solitary_statue, layout_loops_ring,
          minmay_close_crescents
D:2:      layout_basic, serial_shops, shop, minmay_misc_feat_columns
D:3:      layout_basic, mainiacjoe_overflow_six_doors_small, minitemple,
          shapermc_ecumenical_altar_pompeii, dk_noncrumbling_3, uniq_robin,
          uniq_grinder

Skill      XL: |  1  2  3 |
---------------+----------+-----
Summonings     | 2 3 |  3.8
Dodging        | |  2.6
Stealth        | |  2.1
Spellcasting   | |  3.8
Conjurations   | |  0.7
Translocations | |  0.7

Action                     |  1- 3 |  4- 6 || total
---------------------------+-------+-------++-------
  Melee: Dagger            |   112 |    13 ||   125
         Punch             |     1 |       ||     1
   Cast: Magic Dart        |    32 |     3 ||    35
         Call Imp          |    15 |     8 ||    23
    Use: Potion            |       |     5 ||     5
   Stab: Sleeping          |     1 |       ||     1
 Armour: Robe              |    14 |     3 ||    17
  Dodge: Dodged            |    71 |    14 ||    85
